Map: Ice and Chrome LE

Players

Probe

  • Race: Protoss Protoss
  • Spawn Location: 7:00

RiSky - Winner!

  • Race: Zerg Zerg
  • Spawn Location: 1:00

Event: DreamHack SC2 Masters 2020 Summer Oceania RoA

VOD

Have the link to the VOD?

Description

Time

  • Played on: June 28, 2020, 6:55 a.m.
  • Length: 13:24

All games in this series

Show
View Real Time Build Order
Export as new Build Order

Probe Protoss 

Build Orders: 1 Gate Expand, Oracle Opening, Archon Immortal 

Get SALT Encoding   

  12  0:00  Probe  
  13  0:13  Probe  
  14  0:20  Pylon  
  14  0:25  Probe  
  15  0:29  Assimilator  
  15  0:34  Probe  
  15  0:42  Probe  
  16  0:45  Gateway  
  17  0:53  Probe  
  18  1:05  Probe  
  19  1:17  Probe  
  20  1:24  Nexus  
  20  1:35  Cybernetics Core  
  20  1:37  Probe  
  21  1:43  Assimilator  
  21  1:49  Probe  
  22  1:55  Pylon  
  22  2:01  Probe  
  22  2:03  Adept  
  23  2:10  Probe  
  26  2:16  Stargate  
  26  2:18  Probe  
  27  2:23  Warp Gate  
  27  2:24  Stalker  
  27  2:28  Probe  
  30  2:37  Probe  
  30  2:40  Probe  
  32  2:49  Probe  
  33  2:52  Probe  
  33  2:55  Oracle  
  34  3:01  Probe  
  34  3:04  Probe  
  39  3:09  Pylon  
  39  3:13  Gateway, Probe  
  39  3:16  Probe  
  41  3:21  Oracle  
  41  3:25  Probe  
  42  3:28  Probe  
  46  3:36  Assimilator  
  46  3:37  Assimilator, Probe  
  46  3:41  Pylon, Probe  
  48  3:50  Probe  
  48  3:53  Probe  
  50  3:58  Oracle  
  50  4:02  Probe  
  54  4:05  Probe  
  54  4:08  Pylon  
  55  4:12  Adept x2  
  55  4:14  Pylon, Probe  
  60  4:17  Robotics Facility  
  60  4:18  Probe  
  61  4:26  Probe  
  61  4:30  Probe  
  63  4:35  Pylon  
  63  4:36  Oracle  
  66  4:42  Nexus  
  66  4:45  Probe  
  67  4:48  Sentry  
  67  4:49  Sentry  
  67  4:50  Probe  
  72  4:57  Probe  
  73  5:02  Probe  
  73  5:04  Shield Battery  
  75  5:07  Observer  
  75  5:10  Twilight Council  
  75  5:12  Forge, Probe  
  76  5:14  Probe  
  76  5:21  Gateway  
  77  5:22  Gateway  
  77  5:24  Probe  
  77  5:26  Immortal, Probe  
  83  5:36  Probe  
  83  5:37  Protoss Ground Weapons Level 1  
  83  5:38  Charge, Probe  
  85  5:48  Probe  
  86  5:54  Probe  
  86  5:55  Probe  
  86  5:56  Pylon  
  88  6:00  Probe  
  89  6:06  Probe  
  89  6:07  Immortal, Probe  
  95  6:12  Assimilator x2  
  95  6:14  Probe  
  95  6:15  Gateway  
  96  6:18  Gateway, Probe  
  96  6:23  Templar Archives  
  97  6:27  Gateway  
  97  6:29  Probe x2  
  97  6:30  Gateway, Probe  
  97  6:32  Observer  
  100  6:35  Warp Prism  
  100  6:41  Probe x2  
  100  6:42  Probe  
  105  6:49  Pylon x3  
  105  6:53  Probe x2  
  107  6:59  Photon Cannon  
  107  7:00  Shield Battery  
  107  7:01  Phoenix  
  109  7:03  Pylon  
  109  7:04  Observer, Pylon  
  109  7:08  High Templar x3  
  109  7:09  High Templar  
  109  7:12  Archon x2  
  118  7:24  High Templar x2  
  118  7:25  Zealot x2  
  118  7:28  Nexus, Pylon  
  118  7:29  Archon  
  126  7:32  Phoenix  
  126  7:34  Photon Cannon  
  126  7:39  Pylon  
  126  7:42  Photon Cannon  
  126  7:43  Photon Cannon  
  128  7:45  Photon Cannon  
  128  7:55  Stalker x3, Void Ray  
  136  7:59  Probe x2  
  136  8:02  Probe  
  136  8:04  Immortal  
  135  8:11  Probe x2  
  136  8:14  Probe  
  141  8:20  Photon Cannon  
  141  8:23  Probe x2  
  143  8:29  High Templar x2  
  143  8:30  Zealot x3  
  143  8:31  Probe  
  143  8:34  Immortal  
  154  8:35  Probe x2, Protoss Ground Weapons Level 2  
  154  8:36  Archon  
  155  8:43  Probe x2  
  160  8:54  Probe x2  
  162  8:57  Assimilator  
  162  8:58  Assimilator  
  162  9:01  High Templar  
  162  9:02  High Templar, Zealot x3  
  170  9:06  Probe  
  170  9:07  Probe x2  
  170  9:08  Archon  
  175  9:10  Pylon  
  173  9:21  Immortal  
  175  9:25  Stalker x2  
  169  9:34  Zealot x6  
  169  9:38  Zealot  
  144  9:39  Zealot  
  144  9:40  Zealot x4  
  118  9:53  Zealot x2  
  118  9:58  Immortal  
  112  10:01  Zealot x6  
  104  10:17  Zealot x2  
  102  10:22  Zealot x6  
  102  10:23  Void Ray  
  102  10:25  Immortal  
  114  10:33  Shield Battery  
  114  10:34  Shield Battery  
  118  10:42  High Templar x2  
  124  10:43  High Templar x5  
  124  10:47  Archon x3  
  136  10:50  Nexus  
  136  10:51  High Templar  
  108  11:13  Immortal  
  108  11:16  Zealot x7  
  113  11:33  High Templar  
  113  11:39  High Templar x3  
  121  11:40  Zealot x4  
  121  11:42  Immortal  
  121  11:44  Archon  
  121  11:45  Archon  
  129  11:47  Nexus  
  129  11:52  Pylon  
  133  11:54  Gateway  
  133  11:55  Pylon  
  133  11:56  Gateway  
  133  12:02  High Templar x2, Zealot  
  133  12:03  Zealot x2  
  133  12:08  Archon  
  143  12:12  Photon Cannon x2  
  143  12:15  Sentry  
  145  12:17  Shield Battery  
  145  12:18  Photon Cannon  
  145  12:19  Photon Cannon  
  145  12:21  Immortal  
  149  12:25  Stalker  
  150  12:30  Zealot x4  
  156  12:43  Zealot x3  
  116  12:48  Pylon  
Show
View Real Time Build Order
Export as new Build Order

RiSky Zerg - Winner!

Build Orders: Hatch First, Muta Ling Bane 

Get SALT Encoding   

  12  0:00  Drone  
  13  0:12  Overlord  
  13  0:17  Drone  
  14  0:30  Drone  
  14  0:31  Drone  
  16  0:48  Hatchery  
  15  0:51  Drone  
  15  0:55  Drone  
  17  0:58  Drone  
  18  1:09  Extractor  
  17  1:14  Spawning Pool  
  17  1:17  Drone  
  17  1:20  Drone  
  18  1:28  Drone  
  19  1:39  Drone  
  20  1:49  Overlord  
  20  2:01  Queen x2  
  20  2:02  Zergling x4  
  26  2:11  Drone x2  
  26  2:12  Metabolic Boost  
  28  2:22  Drone x2  
  30  2:34  Hatchery  
  29  2:41  Drone  
  30  2:45  Drone  
  30  2:47  Queen  
  32  2:51  Overlord  
  32  2:54  Drone  
  33  3:00  Drone x2  
  35  3:10  Drone x2  
  35  3:11  Drone x3  
  40  3:18  Drone  
  40  3:19  Overlord  
  41  3:26  Queen  
  43  3:32  Overlord  
  43  3:38  Spore Crawler  
  42  3:44  Drone  
  42  3:46  Drone x2, Spore Crawler  
  42  3:48  Drone  
  45  3:49  Drone x2  
  47  3:57  Drone x4  
  47  4:01  Drone, Queen  
  54  4:10  Drone  
  54  4:15  Overlord  
  55  4:19  Drone, Spore Crawler  
  55  4:21  Drone x2  
  55  4:22  Overlord  
  57  4:26  Drone  
  57  4:29  Drone  
  57  4:30  Drone  
  60  4:31  Drone  
  60  4:35  Roach Warren, Drone, Extractor  
  60  4:36  Drone, Extractor  
  60  4:37  Zergling x6  
  62  4:42  Zergling x4  
  62  4:43  Overlord  
  62  4:44  Drone  
  65  4:46  Lair  
  65  4:48  Drone x2  
  65  4:50  Overlord  
  65  4:52  Drone x2  
  69  4:55  Evolution Chamber, Drone  
  69  4:58  Drone  
  69  4:59  Drone  
  71  5:06  Drone  
  72  5:08  Drone  
  72  5:09  Extractor  
  72  5:11  Drone x3  
  72  5:13  Overlord  
  75  5:14  Drone  
  75  5:16  Drone  
  75  5:18  Extractor  
  75  5:19  Drone, Extractor  
  76  5:23  Drone x3  
  79  5:29  Zerg Melee Weapons Level 1  
  79  5:30  Hatchery, Drone  
  79  5:34  Drone, Spore Crawler x2  
  79  5:35  Spore Crawler  
  78  5:42  Drone  
  78  5:43  Drone  
  78  5:45  Drone x2  
  78  5:48  Glial Reconstitution  
  81  5:50  Spire  
  81  5:51  Baneling Nest  
  81  5:52  Drone  
  81  5:53  Drone  
  81  5:55  Drone x3  
  83  5:58  Drone x2  
  83  6:02  Queen  
  87  6:05  Drone  
  87  6:06  Hatchery  
  87  6:07  Overlord  
  87  6:08  Overseer  
  87  6:11  Drone  
  88  6:12  Overlord  
  88  6:17  Overlord  
  88  6:18  Overlord  
  88  6:22  Overlord  
  88  6:24  Overlord  
  88  6:27  Overlord  
  88  6:30  Roach x4  
  88  6:31  Overseer  
  96  6:35  Centrifical Hooks  
  96  6:40  Queen  
  98  7:01  Mutalisk x8  
  98  7:03  Roach x2, Extractor  
  98  7:07  Overlord, Extractor  
  118  7:08  Roach  
  118  7:13  Zergling x10  
  123  7:16  Roach  
  123  7:20  Roach x2  
  123  7:21  Roach x2  
  133  7:24  Roach  
  133  7:27  Roach x2  
  139  7:30  Zerg Flyer Weapons Level 1  
  139  7:33  Zerg Melee Weapons Level 2  
  139  7:34  Drone x2  
  140  7:37  Drone  
  140  7:39  Overlord  
  141  7:44  Roach  
  141  7:45  Ravager x2  
  141  7:49  Overlord x2  
  145  7:54  Zergling x16  
  145  7:55  Overlord  
  153  8:01  Ravager x4  
  153  8:04  Overlord  
  157  8:12  Zergling x14  
  160  8:15  Drone  
  160  8:16  Drone  
  160  8:17  Ravager  
  160  8:19  Drone, Ravager x2  
  167  8:20  Drone  
  167  8:21  Baneling x3  
  167  8:22  Drone  
  167  8:24  Drone x2  
  170  8:29  Drone  
  170  8:30  Drone x2  
  170  8:31  Baneling  
  170  8:32  Baneling x7  
  170  8:34  Zergling x6  
  176  8:40  Zergling x4  
  178  8:44  Baneling x5  
  178  8:45  Baneling x6  
  178  8:46  Zergling x2  
  178  8:47  Zergling x10  
  184  8:49  Zergling x6  
  184  8:53  Zergling x2  
  188  8:56  Baneling x4  
  188  8:57  Baneling x7  
  188  9:01  Zergling x8  
  188  9:02  Zergling x4  
  194  9:04  Baneling x6  
  194  9:06  Zergling x6  
  197  9:11  Baneling x6  
  197  9:13  Zergling x2  
  197  9:15  Hatchery  
  194  9:18  Zergling x16  
  194  9:21  Zergling x2  
  197  9:27  Zergling x6  
  185  9:34  Zergling x4  
  163  9:39  Roach x4  
  163  9:45  Roach x6  
  165  9:49  Roach x3  
  160  9:53  Roach x2  
  160  9:56  Infestation Pit  
  160  9:57  Roach  
  157  10:01  Roach x2  
  157  10:03  Roach  
  156  10:07  Roach  
  156  10:10  Zerg Missile Weapons Level 1  
  151  10:15  Zergling x6  
  151  10:18  Zergling x2  
  155  10:24  Zergling x6  
  156  10:28  Zergling x8  
  156  10:31  Ravager x13  
  156  10:32  Zergling x2  
  156  10:33  Zergling x2  
  175  10:36  Zergling x4  
  175  10:39  Hive  
  175  10:40  Zergling x6  
  180  10:43  Spine Crawler x2  
  180  10:45  Zergling x8  
  180  10:46  Zergling x4  
  180  10:49  Spore Crawler, Queen  
  177  10:50  Queen x3  
  177  10:54  Zergling x8  
  177  10:55  Zergling x6  
  184  11:02  Zergling x8  
  168  11:08  Drone  
  168  11:10  Drone  
  152  11:13  Drone x3  
  152  11:14  Drone  
  143  11:19  Drone  
  143  11:20  Drone x2  
  133  11:26  Zergling x18  
  133  11:30  Overseer  
  132  11:35  Drone x2  
  132  11:36  Drone x2  
  136  11:40  Drone x2  
  136  11:42  Drone  
  136  11:46  Drone x2  
  140  11:49  Baneling x33  
  140  11:52  Zergling x4  
  140  11:54  Baneling x6  
  142  11:56  Zergling x2  
  142  11:58  Roach x2  
  147  12:02  Zergling x8  
  147  12:03  Zergling x2  
  147  12:04  Baneling x3  
  147  12:05  Baneling  
  147  12:07  Zergling x4  
  154  12:09  Zergling x6  
  154  12:13  Overseer  
  154  12:15  Zergling x12  
  162  12:19  Zergling x2  
  162  12:20  Zergling x8  
  168  12:24  Zergling x8  
  168  12:31  Zergling x12  
  168  12:35  Zergling x6  
  165  12:37  Zergling x6  
  165  12:39  Zergling x6  
  151  12:45  Roach x5  
  151  12:49  Roach x2  
  151  12:50  Roach  
  157  12:52  Roach  
  145  12:59  Roach x4  
Tags
 
Add a new tag
Caveats
  • Supply blocks, unpowered buildings, or Contaminate may cause inaccurate times.
  • Supply counts are checked every 10 seconds.